Map: Junção Kairos LE

Players

MauricioVega - Winner!

  • Race: Protoss Protoss
  • League: Gold
  • Spawn Location: 5:00

Vicster

  • Race: Terran Terran
  • League: Gold
  • Spawn Location: 11:00

VOD

Have the link to the VOD?

Description

Time

  • Played on: Jan. 9, 2019, 3:09 p.m.
  • Length: 6:20
Show
View Real Time Build Order
Export as new Build Order

MauricioVega Protoss - Winner!

Build Orders: Cannon Rush 

Get SALT Encoding   

  12  0:01  Probe  
  13  0:13  Probe  
  14  0:19  Pylon  
  14  0:25  Probe  
  15  0:37  Probe  
  15  0:42  Forge  
  16  0:56  Pylon  
  16  1:00  Probe  
  17  1:04  Assimilator  
  17  1:10  Assimilator  
  17  1:12  Probe  
  18  1:26  Photon Cannon  
  18  1:36  Pylon  
  18  1:46  Photon Cannon  
  18  1:51  Probe  
  19  1:59  Photon Cannon  
  19  2:03  Probe  
  19  2:07  Photon Cannon  
  20  2:13  Pylon  
  20  2:22  Probe  
  21  2:34  Probe  
  22  2:46  Probe  
  22  2:47  Photon Cannon  
  22  2:51  Photon Cannon  
  23  2:58  Probe  
  23  3:00  Gateway  
  24  3:08  Pylon  
  24  3:24  Pylon  
  24  3:33  Pylon  
  24  3:53  Photon Cannon  
  24  4:01  Pylon  
  24  4:03  Pylon  
  24  4:13  Cybernetics Core  
  24  4:25  Photon Cannon  
  24  4:26  Photon Cannon  
  23  4:59  Stargate  
  23  5:02  Stalker  
  26  5:14  Probe  
  26  5:17  Nexus  
  26  5:26  Probe  
  27  5:34  Oracle  
Show
View Real Time Build Order
Export as new Build Order

Vicster Terran 

Build Orders:  

Get SALT Encoding   

  12  0:02  SCV  
  13  0:14  SCV  
  13  0:18  Supply Depot  
  14  0:26  SCV  
  14  0:28  Refinery  
  15  0:39  SCV  
  16  0:46  Barracks  
  16  0:52  SCV  
  17  1:04  SCV  
  18  1:16  SCV  
  19  1:28  SCV  
  20  1:33  Supply Depot  
  20  1:50  Marine  
  20  2:01  Bunker  
  20  2:09  Engineering Bay  
  20  2:16  Marine  
  19  2:37  Planetary Fortress  
  16  3:25  Barracks  
  10  4:48  Marine  
  11  5:04  SCV  
  10  5:34  Bunker  
  8  5:46  Marine  
Tags
 
Add a new tag
Caveats
  • Supply blocks, unpowered buildings, or Contaminate may cause inaccurate times.
  • Supply counts are checked every 10 seconds.